 Dungeon Crawl Stone Soup version 0.30-a0-1074-g5db6f66fbb (webtiles) character file.

Game seed: 87799910524939467

2642911 Zeldest the Spellbinder (level 24, 135/135 HPs)
             Began as a Spriggan Hexslinger on Apr 13, 2023.
             Was the Champion of Lugonu.
             Escaped with the Orb
             ... and 5 runes on Apr 14, 2023!
             The game lasted 05:31:57 (87188 turns).

Zeldest the Spellbinder (Spriggan Hexslinger)      Turns: 87188, Time: 05:31:57

Health: 135/135    AC:  1    Str:  6    XL:     24   Next: 92%
Magic:  38/38      EV: 39    Int: 20    God:    Lugonu [******]
Gold:   6353       SH:  9    Dex: 21    Spells: 2/44 levels left

rFire   + . .      SeeInvis +    a - +9 quick blade (distort)
rCold   + + .      Faith    .    G - +3 buckler
rNeg    + . .      Spirit   .    j - +1 robe of Vines {NoPotionHeal Regen++++}
rPois   +          Reflect  .    M - -2 hat of the Alchemist {rElec rPois rF+ rC+ rN+ Will+ rMut rCorr}
rElec   +          Rampage  .    m - scarf {repulsion}
rCorr   +                        (gloves unavailable)
rMut    +                        (boots unavailable)
Will    +++++                    O - amulet of magic regeneration
Stlth   +++                      L - ring of wizardry
HPRegen 3.62/turn                S - ring of Ywotec {Fly rC+ rCorr Slay+3}
MPRegen 0.66/turn

@: flying, studying 2 skills, repel missiles, very quick
A: very small, no large weapons, unfitting armour, see invisible, speed 3
0: Orb of Zot
}: 5/15 runes: decaying, serpentine, slimy, silver, abyssal
a: Renounce Religion, Depart the Abyss, Banish, Corrupt, Enter the Abyss


You escaped.
You worshipped Lugonu.
Lugonu was exalted by your worship.
You visited 11 branches of the dungeon, and saw 53 of its levels.
You visited the Abyss 1 time.
You also visited: Sewer, Ossuary and Wizlab.

You collected 9767 gold pieces.
You spent 3414 gold pieces at shops.

Inventory:

Hand Weapons
 a - a +9 quick blade of distortion (weapon)
Missiles
 n - 10 throwing nets
Armour
 j - the +1 robe of Vines (worn) {NoPotionHeal Regen++++}
   (You found it on level 2 of the Vaults)

   NoPotionHeal: Its wearer cannot be healed by potions.
   Regen:     It increases your rate of health regeneration.
 m - a scarf of repulsion (worn)
 G - a +3 buckler (worn)
 M - the -2 hat of the Alchemist (worn) {rElec rPois rF+ rC+ rN+ Will+ rMut rCorr}
   (You bought it in a shop on level 1 of the Vaults)

   rF:        It protects you from fire.
   rC:        It protects you from cold.
   rElec:     It insulates you from electricity.
   rPois:     It protects you from poison.
   rN:        It protects you from negative energy.
   rCorr:     It protects you from acid and corrosion.
   rMut:      It protects you from mutation.
   Will:      It increases your willpower.
Jewellery
 o - a ring "Garod" {rC+ EV+5 Str-4 Dex+5}
   (You acquired it on level 1 of the Swamp)

   [ring of evasion]

   EV:        It affects your evasion (+5).
   Str:       It affects your strength (-4).
   Dex:       It affects your dexterity (+5).
   rC:        It protects you from cold.
 u - the amulet of the Air {Inacc Air Fly rElec RMsl}
   (You found it on level 5 of the Pits of Slime)

   [amulet of nothing]

   Inacc:     It reduces the accuracy of your attacks and spells.
   Air:       It enhances your air magic.
   rElec:     It insulates you from electricity.
   Fly:       It grants you flight.
   RMsl:      It protects you from missiles.
 F - the ring of Paodd {Ice Fly Str+7 Slay+3}
   (You found it on level 5 of the Pits of Slime)

   [ring of ice]

   It enhances your ice magic.
   Str:       It affects your strength (+7).
   Slay:      It affects your accuracy & damage with ranged weapons and melee
   (+3).
   rF:        It makes you vulnerable to fire.
   rC:        It protects you from cold.
   Fly:       It grants you flight.
 K - the ring of Past Mistakes {Will+ Dex+6}
   (You found it on level 5 of the Vaults)

   [ring of dexterity]

   Dex:       It affects your dexterity (+6).
   Will:      It increases your willpower.
 L - a ring of wizardry (left hand)
 O - an amulet of magic regeneration (around neck)
 Q - the ring "Tyl Egey" {Fly rN+++ rCorr Int-2}
   (You took it off a spriggan air mage in a wizard's laboratory)

   [ring of flight]

   Int:       It affects your intelligence (-2).
   rN:        It renders you almost immune to negative energy.
   Fly:       It grants you flight.
   rCorr:     It protects you from acid and corrosion.
 R - an amulet of regeneration
 S - the ring of Ywotec (right hand) {Fly rC+ rCorr Slay+3}
   (You took it off Cloud Mage in a wizard's laboratory)

   [ring of flight]

   Slay:      It affects your accuracy & damage with ranged weapons and melee
   (+3).
   rC:        It protects you from cold.
   Fly:       It grants you flight.
   rCorr:     It protects you from acid and corrosion.
Wands
 b - a wand of acid (14)
 q - a wand of digging (20)
 D - a wand of paralysis (62)
 E - a wand of roots (43)
Scrolls
 d - 3 scrolls of vulnerability
 l - 27 scrolls of teleportation
 p - 7 scrolls of amnesia
 v - a scroll of enchant weapon
 w - 10 scrolls of enchant armour
 y - 2 scrolls of magic mapping
 A - 12 scrolls of noise
 B - 12 scrolls of fear
 I - 3 scrolls of butterflies
 J - 3 scrolls of silence
 P - 2 scrolls of torment
 T - 8 scrolls of fog
 V - 5 scrolls of immolation
 X - 7 scrolls of poison
Potions
 c - a potion of berserk rage
 f - 8 potions of brilliance
 g - 3 potions of haste
 h - 8 potions of heal wounds
 i - 13 potions of curing
 k - 8 potions of might
 r - 6 potions of cancellation
 s - 11 potions of attraction
 t - a potion of magic
 x - 11 potions of mutation
 z - 6 potions of resistance
 C - 4 potions of invisibility
 H - 8 potions of lignification
 N - 7 potions of flight
 W - a potion of ambrosia
Miscellaneous
 e - a phial of floods
 Y - a phantom mirror


   Skills:
 + Level 16.8 Fighting
 - Level 10.0 Short Blades
 - Level 2.0 Ranged Weapons
 + Level 23.9 Dodging
 - Level 20.5 Stealth
 - Level 5.3 Shields
 - Level 10.8 Spellcasting
 O Level 27 Hexes
 - Level 12.0 Summonings
 + Level 21.1 Translocations
 - Level 3.7 Ice Magic
 - Level 17.0 Invocations
 - Level 10.0 Evocations


You had 2 spell levels left.
You knew the following spells:

 Your Spells              Type           Power      Damage    Failure   Level
a - Disjunction           Tloc           38%        N/A       6%          8
b - Enfeeble              Hex            43%        N/A       1%          7
c - Summon Mana Viper     Hex/Summ       73%        N/A       1%          5
d - Dispersal             Tloc           38%        N/A       1%          6
e - Blink                 Tloc           100%       N/A       0%          2
f - Discord               Hex            43%        N/A       1%          8
g - Summon Cactus Giant   Summ           28%        N/A       5%          6

Your spell library contained the following spells:

 Spells                   Type           Power      Damage    Failure   Level
 Apportation              Tloc           100%       N/A       0%          1
 Slow                     Hex            100%       N/A       0%          1
 Lesser Beckoning         Tloc           100%       N/A       0%          2
 Freeze                   Ice            100%       1d10      1%          1
 Summon Small Mammal      Summ           100%       N/A       1%          1
 Ensorcelled Hibernation  Hex/Ice        100%       N/A       1%          2
 Momentum Strike          Conj/Tloc      100%       3d10      1%          2
 Foxfire                  Conj/Fire      40%        2x1d6     4%          1
 Magic Dart               Conj           40%        1d5       4%          1
 Necrotise                Necr           40%        1d6       4%          1
 Shock                    Conj/Air       40%        1d5       4%          1
 Cigotuvi's Dreadful Rot  Necr/Pois/Air  20%        N/A       8%          2
 Passwall                 Tmut/Erth      8%         N/A       8%          2
 Poisonous Vapours        Pois/Air       20%        N/A       8%          2
 Scorch                   Fire           20%        2d5       8%          2
 Static Discharge         Conj/Air       20%        2-3/arc   8%          2
 Sublimation of Blood     Necr           10%        N/A       8%          2
 Wereblood                Tmut           10%        N/A       8%          2
 Confusing Touch          Hex            87%        N/A       0%          3
 Gell's Gravitas          Tloc           77%        N/A       0%          3
 Portal Projectile        Hex/Tloc       100%       N/A       0%          3
 Summon Guardian Golem    Hex/Summ       73%        N/A       0%          3
 Teleport Other           Tloc           77%        N/A       0%          3
 Tukima's Dance           Hex            87%        N/A       0%          3
 Cause Fear               Hex            43%        N/A       0%          4
 Manifold Assault         Tloc           77%        N/A       0%          4
 Passage of Golubria      Tloc           77%        N/A       0%          4
 Call Canine Familiar     Summ           56%        N/A       1%          3
 Dazzling Flash           Conj/Hex       100%       N/A       1%          3
 Inner Flame              Hex/Fire       59%        N/A       1%          3
 Vhi's Electric Charge    Tloc/Air       100%       N/A       1%          3
 Volatile Blastmotes      Fire/Tloc      100%       2d18      1%          3
 Anguish                  Hex/Necr       29%        N/A       1%          4
 Iskenderun's Mystic Bla  Conj/Tloc      52%        2d11      1%          4
 Leda's Liquefaction      Hex/Erth       29%        N/A       1%          4
 Summon Ice Beast         Ice/Summ       42%        N/A       1%          4
 Metabolic Englaciation   Hex/Ice        32%        N/A       1%          5
 Silence                  Hex/Air        29%        N/A       1%          5
 Yara's Violent Unravell  Hex/Tmut       29%        3d12      1%          5
 Frozen Ramparts          Ice            50%        1d8       3%          3
 Animate Armour           Summ/Erth      68%        N/A       4%          4
 Summon Lightning Spire   Summ/Air       34%        N/A       4%          4
 Hailstorm                Conj/Ice       18%        3d6       7%          3
 Ignite Poison            Fire/Tmut/Pois 10%        N/A       16%         3
 Mephitic Cloud           Conj/Pois/Air  10%        N/A       16%         3
 Swiftness                Air            10%        N/A       16%         3
 Vampiric Draining        Necr           10%        2d6       16%         3
 Ice Form                 Ice/Tmut       18%        N/A       22%         4
 Monstrous Menagerie      Summ           28%        N/A       28%         7
 Summon Hydra             Summ           28%        N/A       28%         7
 Airstrike                Air            5%         2d(1-17)  43%         4
 Dispel Undead            Necr           10%        3d9       43%         4
 Flame Wave               Conj/Fire      10%        2d6       43%         4
 Olgreb's Toxic Radiance  Pois           10%        N/A       43%         4
 Petrify                  Tmut/Erth      10%        N/A       43%         4
 Freezing Cloud           Conj/Ice/Air   7%         6-21      58%         5
 Agony                    Necr           10%        N/A       77%         5
 Alistair's Intoxication  Tmut/Pois      6%         N/A       77%         5
 Arcjolt                  Conj/Air       5%         1d15      77%         5
 Blade Hands              Tmut           5%         N/A       77%         5
 Borgnjor's Vile Clutch   Necr/Erth      5%         N/A       77%         5
 Fireball                 Conj/Fire      5%         3d5       77%         5
 Irradiate                Conj/Tmut      5%         3d13      77%         5
 Iskenderun's Battlesphe  Conj           10%        2d6       77%         5
 Conjure Ball Lightning   Conj/Air       5%         3x3d6     99%         6
 Death Channel            Necr           5%         N/A       99%         6
 Eringya's Noxious Bog    Tmut/Pois      5%         N/A       99%         6
 Iron Shot                Conj/Erth      5%         9d2       99%         6
 Plasma Beam              Fire/Air       5%         2x1d17    99%         6
 Starburst                Conj/Fire      5%         6d4       99%         6
 Statue Form              Tmut/Erth      6%         N/A       99%         6
 Dragon Form              Tmut           5%         N/A       100%        7
 Orb of Destruction       Conj           5%         9d5       100%        7
 Storm Form               Tmut/Air       5%         N/A       100%        7
 Ignition                 Fire           5%         3d4       100%        8
 Lehudib's Crystal Spear  Conj/Erth      5%         10d3      100%        8
 Maxwell's Capacitive Co  Air            5%         ∞         100%        8
 Dragon's Call            Summ           28%        N/A       100%        9
 Fire Storm               Conj/Fire      5%         8d1       100%        9


Dungeon Overview and Level Annotations

Branches:
Dungeon (15/15)            Temple (1/1) D:4            Lair (5/5) D:10
  Swamp (4/4) Lair:2        Snake (4/4) Lair:2        Slime (5/5) Lair:4
    Orc (2/2) D:11            Elf (3/3) Orc:2        Vaults (5/5) D:14
  Crypt (0/3) Vaults:2     Depths (4/4) D:15            Zot (5/5) Depths:4
  Sewer (visited)         Ossuary (visited)          WizLab (visited)

Altars:
Ashenzari
Cheibriados
Fedhas
Kikubaaqudgha
Ru
Sif Muna
Vehumet
Wu Jian
Xom
Yredelemnul
Zin
The Shining One
Jiyva
Lugonu

Shops:
D:6 (   D:11 *   Orc:1 !   Orc:2 ?[((   Snake:2 ?   Snake:3 =::   Vaults:1 [
Vaults:4 ?   Vaults:5 [=

Portals:
Hell: Depths:1 Depths:2 Depths:3 Depths:4
Abyss: Depths:3
Pandemonium: Depths:2 Depths:3
Ziggurat: Depths:1
Trove: Elf:1 (give +6 demon trident)

Annotations:
D:9 2 transporters, hollowman's ghost, journeyman MiHu
D:14 3 runed translucent doors
D:15 Roxanne
Lair:5 1 exclusion
Swamp:1 1 runed translucent door, Virumoce's ghost, adept OpSu
Snake:3 1 exclusion
Slime:5 corrupted
Orc:1 4 transporters
Elf:3 exclusion: dancing weapon
Vaults:4 2 transporters, exclusion: orange crystal statue
Zot:5 corrupted


Innate Abilities, Weirdness & Mutations

You are very small and have problems with some larger weapons.
You are too small for most types of armour.
You have supernaturally acute eyesight. (SInv)
You cover ground extremely quickly. (Speed+++)


Message History

You fly upwards.
There is a stone staircase leading down here.
There is a stone staircase leading up here.
You fly upwards.
There is a stone staircase leading down here.
There is a stone staircase leading up here.
You fly upwards.
There is a stone staircase leading down here.
There is a stone staircase leading up here.
You fly upwards.
There is a stone staircase leading down here.
There is a stone staircase leading up, spattered with blood here.
You fly upwards.
There is a stone staircase leading down here.
There is an open door here.
A reaper comes into view.
It is wielding a +3 scythe of protection.
Aiming: Enfeeble (mildly dangerous; 1% risk of failure)
Press: ? - help, Q - select action, (/) - cycle Shift-Dir - straight line, f - reaper
Aim: a reaper, wielding a +3 scythe of protection (wandering, hasn't noticed you, will inflict weakness, chance to daze and blind: 68%)
The reaper partially resists.
The reaper is enfeebled!
The reaper misses you.
A cacodemon, 2 sixfirhies and an orange demon come into view.
The cacodemon moves out of view.
The sixfirhy moves out of view.
The orange demon moves out of view.
Some rock shatters into small pieces.
Some rock shatters into small pieces.
You block the sixfirhy's attack.
The reaper is no longer weakened.
Aiming: Dig
Press: ? - help, Shift-Dir - straight line, p - reaper A rock wall.
This square is covered in magical glow.
The rock shatters into small pieces.
The sixfirhy misses you. You block the sixfirhy's attack.
The sixfirhy attacks as you move away! You block the sixfirhy's attack. x2
The sixfirhy completely misses you.
You hear a grinding noise.
There is a staircase leading out of the dungeon here.
You block the sixfirhy's attack.
You have escaped!

#.........# #....# #.........#
#.##.# ########
#########.###.#... ##...)..#
###########.....#..#
#..#.#..#####.......##......#..#
##.##........##≈≈#'..........#...
#..#####.....#....#..#...#.#.#.##
(.## #.....≈....≈..###.#...#.>.
..# #...(.≈.⌠@.§...2#.........
..# #.....§...3≈..##.#.....#..
### #.....#...3............... ##
####≈≈###≈≈###.####2.......
.######.#....#.....#.......#..#.#
......#.≈....≈[....#######.......
......#.≈..⌠.≈.....# ##.#..#.#
......#.≈....≈.....# #...4...#
......#.#....#.....### ##..#.....


You could see a cacodemon and 2 sixfirhies.

Vanquished Creatures
  A dread lich (Vaults:5)
  2 ancient liches
  Saint Roka (Vaults:2)
  2 Killer Klowns (Zot:5)
  Bai Suzhen (Depths:1)
  A curse toe (Zot:3)
  7 golden dragons
  An electric golem (Zot:2)
  Cloud Mage (WizLab)
  4 tentacled monstrosities
  2 Orb Guardians (Zot:5)
  A titan (Vaults:5)
  2 deep elf master archers (Elf:3)
  5 acid blobs
  4 death cobs
  2 quicksilver dragons
  A lich (Depths:3)
  A deep elf blademaster (Elf:3)
  Agnes (Snake:2)
  4 sphinxes
  A tentacled starspawn (Abyss:3)
  3 draconian monks
  5 shadow dragons
  9 storm dragons
  2 tengu reavers
  3 draconian knights
  2 fenstrider witches
  An azure jelly (Slime:5)
  A nagaraja (Snake:3)
  2 fire giants
  A ghost moth (Zot:4)
  4 frost giants
  An iron dragon (Depths:3)
  3 deep elf sorcerers
  Louise (Abyss:3)
  Aizul (Snake:3)
  8 vault wardens
  An orc warlord (D:11)
  2 spriggan defenders
  3 draconian shifters
  2 draconian scorchers (Zot:1)
  5 deep elf elementalists (Elf:3)
  3 war gargoyles
  2 draconian stormcallers
  3 very ugly things
  2 green draconians
  5 ironbound preservers
  A quicksilver ooze (Slime:1)
  2 ironbound thunderhulks
  2 vampire knights
  2 deep elf demonologists (Elf:3)
  5 stone giants
  3 eleionomae
  4 red draconians
  3 deep elf annihilators
  3 yellow draconians
  2 black draconians
  A white draconian (Zot:1)
  8 dire elephants
  A bunyip (Swamp:1)
  4 purple draconians
  2 spark wasps (Depths:4)
  5 ettins
  5 deep elf death magi
  A merfolk javelineer (Depths:3)
  6 fire dragons
  8 yaktaur captains
  2 great orbs of eyes
  Harold (Lair:2)
  4 salamander tyrants
  12 vault guards
  A spriggan air mage (Depths:2)
  7 ironbound frosthearts
  3 ice dragons
  6 hydras
  An anaconda (shapeshifter) (Depths:3)
  5 ogre magi
  A ghost crab (Swamp:4)
  6 boulder beetles
  8 anacondas
  17 dancing weapons
  4 centaur warriors
  3 alligators
  10 death yaks (Lair:4)
  23 two-headed ogres
  14 naga warriors
  4 deep troll shamans
  2 spriggan berserkers
  2 tengu warriors
  9 naga sharpshooters
  A deep troll earth mage (Depths:1)
  A vampire mage (Abyss:3)
  A spriggan (Depths:3)
  7 shock serpents
  10 deep elf knights
  4 iron trolls
  A sun demon (Depths:1)
  A skyshark (Lair:5)
  A death drake (WizLab)
  18 deep trolls
  A salamander mystic (Snake:2)
  2 glowing orange brains
  3 skeletal warriors (D:13)
  3 goliath frogs
  2 bog bodies (Swamp:3)
  2 spriggan druids
  3 swamp dragons (Swamp:4)
  A steelbarb worm (shapeshifter) (Elf:2)
  11 ironbound convokers
  5 naga ritualists
  A swamp dragon (shapeshifter) (Elf:1)
  6 lindwurms
  4 deep elf archers
  A necromancer (Vaults:1)
  6 mana vipers
  2 wizards (Vaults:1)
  A wolf spider (D:13)
  A large abomination (Abyss:3)
  A harpy (shapeshifter) (Elf:1)
  5 cyclopes
  21 deep elf pyromancers
  An orange crystal statue (Depths:1)
  16 deep elf zephyrmancers
  2 orc sorcerers
  10 ugly things
  14 moths of wrath
  2 will-o-the-wisps
  11 salamanders
  5 manticores
  12 elephants
  11 naga magi
  Maurice (D:10)
  6 torpor snails
  25 black mambas
  2 guardian serpents (Snake:3)
  A smoke demon (D:15)
  8 vault sentinels
  14 komodo dragons
  8 yaktaurs
  An eye of devastation (Slime:3)
  9 cane toads
  A yaktaur zombie (Vaults:1)
  2 rime drakes (Lair:4)
  2 freezing wraiths
  A tengu conjurer (Depths:3)
  An ancient zyme (Abyss:3)
  9 trolls
  6 meliai
  10 polar bears
  A bloated husk (Swamp:2)
  8 tyrant leeches
  17 blink frogs
  8 hornets
  4 raiju
  11 dream sheep
  10 air elementals
  49 slime creatures
  A shadow (D:11)
  2 vampires
  Sigmund (D:2)
  3 water elementals
  3 wyverns
  3 wraiths
  33 yaks
  6 humans (D:14)
  7 basilisks
  6 vampire mosquitoes
  2 neqoxecs
  A small abomination (Abyss:3)
  A redback (Vaults:4)
  3 fire elementals
  A redback (shapeshifter) (Elf:2)
  5 wargs
  13 swamp worms
  18 nagas
  2 acid dragons
  11 water moccasins
  Duvessa (D:7)
  14 hell hounds
  Pargi (Sewer)
  An ice beast (D:6)
  5 swamp drakes
  17 black bears
  16 orc warriors
  32 wolves
  25 ogres
  7 boggarts
  12 centaurs
  3 kobold brigands
  9 bullfrogs
  An ogre simulacrum (Vaults:1)
  2 earth elementals
  A scorpion (D:5)
  9 wights
  Dowan (D:7)
  A human simulacrum (Vaults:1)
  3 electric eels
  2 howler monkeys
  2 lava snakes (Lair:2)
  2 hounds
  18 orc priests
  7 jellies
  4 sleepcaps
  Natasha (D:3)
  2 iguanas
  15 orc wizards
  2 mummies (Ossuary)
  10 adders
  12 gnolls
  A white imp (D:5)
  3 worms (D:2)
  4 dart slugs
  68 orcs
  7 endoplasms
  10 giant cockroaches
  6 goblins
  7 hobgoblins
  4 jackals (D:2)
  4 quokkas
  9 ball pythons
  7 bats
  4 frilled lizards
  A gnoll zombie (Ossuary)
  A goblin zombie (Ossuary)
  5 hobgoblin zombies (Ossuary)
  26 kobolds
  A rat (D:2)
1287 creatures vanquished.

Vanquished Creatures (collateral kills)
  A dread lich (Vaults:5)
  the Lernaean hydra (Swamp:4)
  A Killer Klown (Zot:5)
  A caustic shrike (Depths:3)
  8 golden dragons
  A walking earthen tome (Depths:3)
  A walking frostbound tome (Depths:3)
  An Orb Guardian (Zot:5)
  8 tentacled monstrosities
  5 quicksilver dragons
  3 titans (Vaults:5)
  A lich (Depths:2)
  A deep elf blademaster (Elf:3)
  An acid blob (Slime:5)
  3 sphinxes
  3 draconian monks
  4 shadow dragons
  2 death cobs (Zot:2)
  2 thorn hunters (Swamp:4)
  A storm dragon (Zot:2)
  3 fire giants
  2 draconian knights (Zot:2)
  5 frost giants
  An azure jelly (Slime:1)
  4 vault wardens
  3 nagarajas (Snake:4)
  4 deep elf sorcerers
  4 iron dragons
  A balrug (Depths:1)
  2 orc warlords (Depths:1)
  6 draconian shifters
  3 draconian scorchers
  2 draconian annihilators
  A deep elf elementalist (Elf:3)
  A draconian stormcaller (Zot:5)
  11 ironbound preservers
  2 spriggan defenders
  10 stone giants
  3 very ugly things (Depths:3)
  A war gargoyle (Vaults:5)
  2 eleionomae
  3 green draconians
  3 deep elf demonologists (Elf:3)
  7 black draconians
  4 yellow draconians
  A vampire knight (Depths:3)
  4 red draconians
  3 deep elf annihilators
  7 white draconians
  2 purple draconians
  3 spark wasps
  6 blizzard demons (WizLab)
  3 deep elf death magi
  A merfolk javelineer (Depths:1)
  5 ettins
  A deep elf high priest (Elf:3)
  An entropy weaver (Vaults:4)
  5 fire dragons
  5 yaktaur captains
  2 great orbs of eyes (Vaults:1)
  3 ice dragons
  3 rakshasas
  A peacekeeper (Vaults:2)
  18 vault guards
  5 spriggan air magi
  An ironbound frostheart (Vaults:4)
  3 anacondas
  5 hydras (Swamp:4)
  2 ghost crabs
  18 dancing weapons
  7 deep troll shamans
  3 alligators (Swamp:4)
  9 deep troll earth magi
  5 naga warriors (Snake:4)
  A tengu warrior (Depths:1)
  7 naga sharpshooters
  An orc high priest (Elf:1)
  A shock serpent (Snake:4)
  3 hell knights (Vaults:5)
  7 spriggan berserkers
  A storm dragon zombie (Depths:3)
  A deep elf knight (Elf:2)
  16 iron trolls
  2 goliath frogs
  3 death drakes (WizLab)
  7 swamp dragons (Swamp:4)
  A flayed ghost (Depths:3)
  4 ironbound convokers
  A glowing orange brain (Depths:4)
  5 orc knights (Depths:1)
  2 deep elf archers
  3 naga ritualists
  46 deep trolls
  2 wizards
  2 phantasmal warriors (Vaults:5)
  2 deep elf pyromancers
  6 deep elf zephyrmancers
  4 mana vipers
  3 necromancers
  12 ugly things
  A will-o-the-wisp (Swamp:4)
  6 moths of wrath
  3 vault sentinels
  A guardian serpent (Snake:4)
  3 black mambas
  7 naga magi
  A frost giant skeleton (Depths:3)
  A smoke demon (Depths:1)
  2 apocalypse crabs (WizLab)
  8 yaktaurs
  5 tengu conjurers
  5 tyrant leeches
  A troll (Vaults:2)
  3 hornets
  A wind drake (WizLab)
  23 slime creatures
  7 air elementals (WizLab)
  3 spriggans
  4 water elementals (Depths:3)
  A redback (Vaults:4)
  14 nagas
  A human zombie (Depths:3)
  4 swamp worms
  6 swamp drakes
  2 orc warriors (Elf:1)
  An ogre (Vaults:2)
  6 boggarts
  3 orc priests
  A starcursed mass (Abyss:3)
  An orc wizard (Vaults:2)
  A small abomination (Abyss:3)
  3 orcs
  2 starspawn tentacles (Abyss:3)
543 creatures vanquished.

Vanquished Creatures (others)
  the Royal Jelly (Slime:5)
  2 ancient liches (Zot:5)
  A tentacled monstrosity (Zot:2)
  4 Orb Guardians (Zot:5)
  7 acid blobs (Slime:5)
  2 storm dragons
  A shadow dragon (Zot:2)
  2 tengu reavers (Vaults:5)
  5 azure jellies (Slime:5)
  2 vault wardens (Vaults:5)
  7 rockslimes (Slime:5)
  A fire giant (Depths:3)
  2 frost giants (Depths:3)
  2 deep elf sorcerers (Elf:3)
  A draconian scorcher (Zot:2)
  2 draconian stormcallers
  2 ironbound preservers (Vaults:1)
  2 draconian annihilators
  4 stone giants
  7 quicksilver oozes (Slime:5)
  5 very ugly things
  An ironbound thunderhulk (Vaults:3)
  6 green draconians
  A deep elf annihilator (Elf:3)
  2 yellow draconians (Zot:2)
  3 spark wasps
  3 red draconians
  An eleionoma (Swamp:2)
  4 black draconians
  A bunyip (Swamp:4)
  A white draconian (Zot:2)
  2 ettins (Vaults:5)
  2 yaktaur captains (Vaults:5)
  4 fire dragons
  A great orb of eyes (Slime:5)
  4 ice dragons
  6 vault guards
  An ogre mage (Vaults:5)
  3 hydras (Swamp:4)
  An ironbound frostheart (Vaults:4)
  2 naga warriors (Snake:4)
  5 deep troll earth magi
  3 naga sharpshooters
  A deep troll shaman (Depths:3)
  A spriggan berserker (Depths:1)
  A deep elf knight (Elf:2)
  A salamander mystic (Snake:4)
  2 death drakes (WizLab)
  11 deep trolls
  A flayed ghost (Depths:4)
  An obsidian statue (Zot:5)
  A deep elf archer (Elf:1)
  2 ironbound convokers (Vaults:5)
  A deep elf pyromancer (Elf:1)
  2 deep elf zephyrmancers (Elf:3)
  A phantasmal warrior (Vaults:5)
  A necromancer (Depths:3)
  A mana viper (shapeshifter) (Vaults:5)
  2 ugly things
  2 orc knights (Depths:1)
  6 moths of wrath
  2 eyes of devastation (Slime:5)
  3 black mambas
  4 naga magi (Snake:4)
  2 yaktaurs
  A wind drake (WizLab)
  2 raiju (Abyss:3)
  17 slime creatures
  3 humans (D:14)
  2 nagas (Snake:4)
  A floating eye (Depths:4)
  An orc warrior (Vaults:2)
  An ice beast (D:6)
  2 orc wizards
  An orc (Vaults:2)
  A bush (Lair:4)
  4 foxfires
  54 fungi
  103 plants
  21 starspawn tentacles
382 creatures vanquished.

Grand Total: 2212 creatures vanquished

Notes
Turn   | Place    | Note
-------+----------+-------------------------------------------
     0 | D:1      | Zeldest the Spriggan Hexslinger began the quest for the
                  | Orb.
     0 | D:1      | Reached XP level 1. HP: 9/9 MP: 3/3
   202 | D:1      | Reached XP level 2. HP: 14/14 MP: 6/6
   352 | D:1      | Reached XP level 3. HP: 17/17 MP: 8/8
   484 | D:1      | Found a faded altar of an unknown god.
   687 | D:1      | Prayed at the altar of an unknown god.
   687 | D:1      | Became a worshipper of Lugonu the Unformed
   687 | D:1      | Reached * piety under Lugonu
   865 | D:2      | Reached skill level 1 in Stealth
  1204 | D:2      | Reached skill level 1 in Short Blades
  1229 | D:2      | Noticed Sigmund
  1323 | D:2      | Killed Sigmund
  1324 | D:2      | Reached XP level 4. HP: 6/21 MP: 9/9
  1324 | D:2      | Reached XP level 5. HP: 8/25 MP: 10/10
  1932 | D:2      | Reached XP level 6. HP: 24/29 MP: 9/11
  2069 | D:3      | Reached ** piety under Lugonu
  2296 | D:3      | Noticed Natasha
  2426 | D:3      | Killed Natasha
  3068 | D:4      | Found a shimmering altar of Xom.
  3216 | D:4      | Found a staircase to the Ecumenical Temple.
  3562 | D:4      | Reached skill level 5 in Stealth
  3618 | D:4      | Reached skill level 5 in Dodging
  3618 | D:4      | Reached XP level 7. HP: 27/32 MP: 8/12
  4139 | D:4      | Found a shimmering blue altar of Sif Muna.
  4252 | D:5      | Entered Level 5 of the Dungeon
  4559 | D:5      | Found a glowing drain.
  4570 | D:5      | Reached *** piety under Lugonu
  4584 | Sewer    | Entered a sewer
  4590 | Sewer    | Noticed Pargi
  4624 | Sewer    | Killed Pargi
  4848 | D:5      | Found a blossoming altar of Fedhas.
  5240 | D:5      | You fall into a shaft and drop 1 floor!
  5321 | D:6      | Found Meluru's Antique Weapon Boutique.
  5354 | D:6      | Reached XP level 8. HP: 37/37 MP: 13/13
  5625 | D:5      | Identified the +0 robe "Uqurese" {Will+}
  5863 | Temple   | Entered the Ecumenical Temple
  5894 | D:5      | Reached skill level 5 in Short Blades
  6831 | D:6      | Reached skill level 5 in Invocations
  7454 | D:7      | Got the Directory of Correspondence
  7475 | D:7      | Found a sand-covered staircase.
  7516 | D:7      | Noticed a hornet
  7546 | D:7      | Killed a hornet
  7569 | Ossuary  | Entered an ossuary
  8309 | D:7      | Reached **** piety under Lugonu
  8361 | D:7      | Found a broken altar of Ashenzari.
  8582 | D:7      | Noticed Dowan
  8588 | D:7      | Noticed Duvessa
  8611 | D:7      | Found a glowing golden altar of the Shining One.
  8845 | D:7      | Reached XP level 9. HP: 36/40 MP: 11/14
  9080 | D:7      | Reached skill level 10 in Stealth
  9184 | D:7      | Killed Duvessa
  9225 | D:7      | Killed Dowan
 10404 | D:9      | Found a transporter.
 10519 | D:9      | Noticed a troll
 10523 | D:9      | Found a transporter.
 10523 | D:9      | Noticed hollowman's ghost (journeyman MiHu)
 10523 | D:9      | Noticed a black mamba
 10702 | D:9      | Reached XP level 10. HP: 37/44 MP: 16/16
 11093 | D:9      | Noticed a fire dragon
 11105 | D:9      | a fire dragon changed into an ice dragon
 11105 | D:9      | Noticed an ice dragon (shapeshifter)
 11209 | D:9      | Found a basalt altar of Yredelemnul.
 11210 | D:9      | Found an ancient bone altar of Kikubaaqudgha.
 11210 | D:9      | Found a sacrificial altar of Ru.
 11274 | D:9      | Noticed a radroach
 11564 | D:9      | Noticed a boulder beetle
 11600 | D:10     | Entered Level 10 of the Dungeon
 11711 | D:10     | Found a staircase to the Lair.
 11749 | D:10     | Reached skill level 10 in Dodging
 12623 | D:10     | Reached ***** piety under Lugonu
 13368 | D:10     | Noticed Maurice
 13399 | D:10     | Killed Maurice
 13546 | Lair:1   | Entered Level 1 of the Lair of Beasts
 13616 | Lair:1   | Reached XP level 11. HP: 46/48 MP: 18/18
 14090 | Lair:1   | Reached skill level 4 in Hexes
 14262 | Lair:1   | Reached skill level 5 in Hexes
 14711 | Lair:1   | Reached skill level 6 in Hexes
 14792 | Lair:2   | Noticed Harold
 14794 | Lair:2   | Killed Harold
 14795 | Lair:2   | Reached skill level 10 in Short Blades
 14874 | Lair:1   | Reached skill level 1 in Fighting
 14971 | Lair:2   | Noticed a boulder beetle
 15034 | Lair:2   | Found a staircase to the Snake Pit.
 15577 | Lair:2   | Found a staircase to the Swamp.
 15728 | Lair:2   | Reached XP level 12. HP: 42/56 MP: 20/20
 16032 | Lair:2   | Reached skill level 10 in Invocations
 16067 | Lair:2   | Reached skill level 15 in Stealth
 16201 | Lair:2   | Killed a boulder beetle
 17768 | Lair:3   | Noticed a six-headed hydra
 17770 | Lair:3   | Banished a six-headed hydra
 18353 | Lair:4   | Reached skill level 7 in Hexes
 18496 | Lair:4   | Found a viscous altar of Jiyva.
 18500 | Lair:4   | Found a staircase to the Slime Pits.
 18742 | Lair:4   | Noticed a death yak
 18746 | Lair:4   | Noticed a death yak
 18746 | Lair:4   | Noticed a death yak
 18748 | Lair:4   | Noticed a death yak
 19233 | Lair:4   | Reached skill level 5 in Fighting
 19311 | Lair:4   | Reached XP level 13. HP: 44/63 MP: 10/22
 19371 | Lair:4   | Reached skill level 8 in Hexes
 20235 | Lair:4   | Identified the +3 chain mail of the Jabberwock {Rampage rF+
                  | Dex-4 Stlth+}
 20432 | Lair:4   | Reached skill level 9 in Hexes
 21072 | Lair:4   | Reached skill level 15 in Dodging
 21072 | Lair:4   | Reached skill level 10 in Hexes
 21080 | Lair:4   | Learned a level 4 spell: Cause Fear
 21134 | Lair:5   | Entered Level 5 of the Lair of Beasts
 21185 | Lair:5   | Reached ****** piety under Lugonu
 22185 | D:11     | Reached skill level 11 in Hexes
 22431 | D:11     | Found a staircase to the Orcish Mines.
 22790 | D:11     | Found Ylies's Pet Rocks.
 23050 | D:11     | Learned a level 8 spell: Discord
 23488 | Orc:1    | Entered Level 1 of the Orcish Mines
 23588 | Orc:1    | Found Vaipt's Distillery.
 23954 | Orc:1    | Noticed an orc warlord
 24015 | D:11     | Killed an orc warlord
 24420 | Orc:1    | Found an ornate altar of the Wu Jian Council.
 24420 | Orc:1    | Found a transporter.
 24502 | Orc:1    | Reached skill level 12 in Hexes
 24606 | Orc:1    | Found a transporter.
 24745 | Orc:1    | Found a transporter.
 24816 | Orc:1    | Found a transporter.
 24817 | Orc:1    | Found an ornate altar of the Wu Jian Council.
 24817 | Orc:1    | Noticed an orc warlord
 24929 | Orc:2    | Entered Level 2 of the Orcish Mines
 25105 | Orc:2    | Reached XP level 14. HP: 72/72 MP: 24/24
 26295 | Orc:1    | Reached skill level 13 in Hexes
 26809 | Orc:2    | Found a staircase to the Elven Halls.
 26828 | Orc:2    | Found Hoosyex's Weapon Boutique.
 26828 | Orc:2    | Found Zuziad's Magic Scroll Shoppe.
 26852 | Orc:2    | Found Muapler's Antique Weapon Emporium.
 26852 | Orc:2    | Found Qadaedgh's Armour Boutique.
 27548 | Orc:2    | Bought a scroll of teleportation for 42 gold pieces
 27662 | Orc:2    | Bought a translucent dagger for 168 gold pieces
 27662 | Orc:2    | Identified the +9 dagger "Nozy" {elec, Dex+3 Stlth+} (You
                  | bought it in a shop on level 2 of the Orcish Mines)
 28214 | Lair:4   | Reached skill level 14 in Hexes
 28697 | Lair:5   | Found a runed translucent door.
 29348 | Lair:5   | Paralysed by a hornet for 1 turns
 29845 | Lair:5   | Reached skill level 15 in Hexes
 30506 | Lair:5   | Reached XP level 15. HP: 63/78 MP: 26/26
 31301 | Elf:1    | Entered Level 1 of the Elven Halls
 32487 | D:13     | Reached skill level 16 in Hexes
 33547 | D:14     | Found a radiant altar of Vehumet.
 33568 | D:14     | Found a runed translucent gate.
 33568 | D:14     | Found a runed translucent gate.
 33568 | D:14     | Found a runed translucent gate.
 33646 | D:14     | Reached skill level 17 in Hexes
 34135 | D:14     | Found a glowing silver altar of Zin.
 34815 | D:14     | Found a gate to the Vaults.
 35021 | D:15     | Entered Level 15 of the Dungeon
 35450 | D:15     | Identified the +0 scale mail "Duuff" {rC+ Dex+4}
 35699 | D:15     | Noticed Roxanne
 35807 | D:15     | Noticed Louise
 35864 | D:15     | Banished Louise
 35966 | D:15     | Reached skill level 18 in Hexes
 36151 | D:15     | Found a staircase to the Depths.
 36938 | Swamp:1  | Entered Level 1 of the Swamp
 36977 | Swamp:1  | Noticed a fenstrider witch
 37084 | Snake:1  | Entered Level 1 of the Snake Pit
 37102 | Snake:1  | Learned a level 2 spell: Ensorcelled Hibernation
 37517 | Snake:1  | Reached XP level 16. HP: 84/84 MP: 27/27
 39118 | Snake:2  | Noticed Agnes
 39375 | Snake:2  | Reached skill level 19 in Hexes
 39519 | Snake:2  | Found Koni's Magic Scroll Shop.
 39527 | Snake:2  | Bought a scroll of blinking for 142 gold pieces
 39527 | Snake:2  | Bought a scroll of magic mapping for 142 gold pieces
 39685 | Snake:2  | Reached skill level 1 in Ice Magic
 40439 | Snake:2  | Learned a level 2 spell: Blink
 40739 | Snake:3  | Found a shimmering altar of Xom.
 41134 | Snake:3  | Noticed Aizul
 42164 | Snake:3  | Found Koles's Book Shop.
 42166 | Snake:3  | Found Ziliar Pypy's Jewellery Shoppe.
 42167 | Snake:3  | Found Gint's Book Shop.
 42172 | Snake:3  | Bought a book of Beasts for 722 gold pieces
 42176 | Snake:3  | Bought a book of Misfortune for 612 gold pieces
 42176 | Snake:3  | Bought a There-And-Back Book for 510 gold pieces
 42185 | Snake:3  | Learned a level 7 spell: Enfeeble
 42420 | Snake:3  | Reached skill level 10 in Fighting
 43053 | Snake:3  | Killed Aizul
 43173 | Snake:4  | Entered Level 4 of the Snake Pit
 43421 | Snake:4  | Reached skill level 15 in Invocations
 44113 | Snake:4  | Reached skill level 20 in Hexes
 44124 | Snake:4  | Reached skill level 1 in Translocations
 44143 | Snake:4  | Reached skill level 1 in Summonings
 44469 | Snake:3  | Bought an amulet of the acrobat for 510 gold pieces
 44578 | Snake:4  | Reached XP level 17. HP: 90/90 MP: 19/29
 44590 | Snake:4  | Reached skill level 5 in Spellcasting
 44633 | Snake:4  | Learned a level 5 spell: Summon Mana Viper
 44645 | Snake:4  | Identified the +4 mace "Fueng" {antimagic, rPois Str+3
                  | Stlth+}
 45144 | Snake:4  | Reached skill level 5 in Translocations
 46434 | Snake:4  | Got a serpentine rune of Zot
 47603 | Snake:2  | Killed Agnes
 47890 | Vaults:1 | Entered Level 1 of the Vaults
 47914 | Vaults:1 | Learned a level 6 spell: Dispersal
 48088 | Vaults:1 | Found Deugakawn's Armour Shoppe.
 48601 | Vaults:1 | Bought the -2 hat of the Alchemist {rElec rPois rF+ rC+ rN+
                  | Will+ rMut rCorr} for 566 gold pieces
 48601 | Vaults:1 | Found the -2 hat of the Alchemist {rElec rPois rF+ rC+ rN+
                  | Will+ rMut rCorr}
 49273 | Vaults:1 | Reached skill level 10 in Translocations
 49821 | Vaults:1 | Got the Parchment of the Volley
 50297 | Vaults:2 | Found the +1 robe of Vines {NoPotionHeal Regen++++}
 50304 | Vaults:2 | Reached XP level 18. HP: 96/96 MP: 30/30
 50617 | Vaults:2 | Noticed Saint Roka
 50652 | Vaults:2 | Killed Saint Roka
 52120 | Vaults:2 | Found a staircase to the Crypt.
 52120 | Vaults:2 | Found a basalt altar of Yredelemnul.
 52120 | Vaults:2 | Found an ancient bone altar of Kikubaaqudgha.
 53037 | Orc:2    | Paralysed by an air elemental for 1 turns
 54646 | Elf:1    | Found a portal to a secret trove of treasure.
 55481 | Elf:2    | Reached skill level 5 in Summonings
 55485 | Elf:2    | Found a runed translucent gate.
 55485 | Elf:2    | Found a runed translucent gate.
 55492 | Elf:2    | Found a runed translucent gate.
 55641 | Elf:2    | Reached skill level 21 in Hexes
 56603 | Elf:2    | Reached XP level 19. HP: 97/102 MP: 21/33
 58291 | Elf:3    | Entered Level 3 of the Elven Halls
 60568 | Elf:3    | Reached skill level 10 in Spellcasting
 60821 | Elf:3    | Identified the +4 trident of Leopiju {drain, rPois Str+3}
 61827 | Elf:3    | Identified the +5 spear of Disembowelment {flame, rElec
                  | rPois rF- rC++}
 61840 | Elf:3    | Reached skill level 10 in Summonings
 62609 | Elf:3    | Identified the +11 dagger of Contention {flame, Contam
                  | Int+2 Dex+3}
 62622 | Elf:3    | Identified the +6 hand axe of Becoinuu {antimagic, rF+
                  | Int+3 Dex+7 Stlth-}
 63237 | Elf:3    | Identified the +6 chain mail of the Moon Troll {-Tele rF-
                  | Slay+4 Stlth+}
 63238 | Elf:3    | Identified the +11 sling of Destruction {heavy, rC+}
 63298 | Elf:3    | Identified the +2 pair of boots of the Grape {-Tele rElec
                  | rC++ SInv}
 63733 | Vaults:3 | Learned a level 6 spell: Summon Cactus Giant
 64032 | Vaults:3 | Reached skill level 1 in Evocations
 64984 | Vaults:4 | Reached skill level 5 in Evocations
 65012 | Vaults:4 | Reached XP level 20. HP: 108/108 MP: 35/35
 65080 | Vaults:4 | Found a magical portal.
 65085 | WizLab   | Entered The Chambers of the Cloud Mage
 65718 | WizLab   | Paralysed by an air elemental for 1 turns
 65789 | WizLab   | Identified the +2 mace "Aticioh" {heavy, rPois Will- Str+7}
 65789 | WizLab   | Identified the ring "Tyl Egey" {Fly rN+++ rCorr Int-2}
 66336 | WizLab   | Identified the ring of Ywotec {Fly rC+ rCorr Slay+3}
 66336 | WizLab   | Noticed Zylyshrey
 66360 | WizLab   | Killed Zylyshrey the Cloud Mage
 66369 | WizLab   | Identified the staff of air "Leub" {rElec Str+3 Dex+4}
 66375 | WizLab   | Got the Monograph on Breath
 66390 | WizLab   | Identified a +8 quick blade of distortion (a +6 quick blade
                  | of electrocution corrupted by Lugonu)
 66390 | WizLab   | Received a gift from Lugonu
 66684 | Vaults:4 | Found a transporter.
 66688 | Vaults:4 | Identified the ring of Fiuwnisargh {rF- Will++ Str+3 Int+3
                  | SInv}
 66695 | Vaults:4 | Found a transporter.
 67325 | Vaults:4 | Found Kusefeusk's Magic Scroll Shop.
 67898 | Swamp:1  | Identified a scroll of acquirement
 67951 | Swamp:1  | Acquired a ring "Garod" {rC+ EV+5 Str-4 Dex+5}
 68046 | Swamp:1  | Found a runed translucent door.
 68047 | Swamp:1  | Found a shimmering altar of Xom.
 68047 | Swamp:1  | Noticed Virumoce's ghost (adept OpSu)
 68166 | Swamp:2  | Reached skill level 22 in Hexes
 69007 | Swamp:3  | Reached skill level 10 in Evocations
 69404 | Swamp:4  | Entered Level 4 of the Swamp
 69922 | Swamp:4  | Noticed the 27-headed Lernaean hydra
 70265 | Swamp:4  | Killed the 27-headed Lernaean hydra
 70356 | Swamp:4  | Got a decaying rune of Zot
 70517 | Slime:1  | Entered Level 1 of the Pits of Slime
 70776 | Slime:5  | Entered Level 5 of the Pits of Slime
 70918 | Slime:5  | Found a viscous altar of Jiyva.
 70919 | Slime:5  | Noticed the Royal Jelly
 70922 | Slime:5  | Found the amulet of the Air {Inacc Air Fly rElec RMsl}
 70934 | Slime:5  | Corrupted Slime:5
 71022 | Slime:5  | Killed the Royal Jelly
 71023 | Slime:5  | Reached XP level 21. HP: 112/114 MP: 36/36
 71061 | Slime:5  | Identified the staff of poison "Vusebb" {rElec rPois Str+3
                  | Dex+2}
 71076 | Slime:5  | Identified the +2 halberd "Regesos" {heavy, rC+ Int+3}
 71093 | Slime:5  | Got a slimy rune of Zot
 71098 | Slime:5  | Identified the ring of Paodd {Ice Fly Str+7 Slay+3}
 71132 | Slime:5  | Identified the +8 glaive of Okhaquar {antimagic, rF++ Will+
                  | Str-4 Stlth+}
 71156 | Slime:5  | Identified the +7 great sword of Egomania {freeze, rElec
                  | Will- Str+6 Dex+3}
 71201 | Slime:5  | Identified the +0 sling of Mayhem {heavy, rF+}
 71767 | Depths:1 | Entered Level 1 of the Depths
 71884 | Depths:1 | Found a one-way gateway to a ziggurat.
 72079 | Depths:1 | Noticed Bai Suzhen
 72098 | Depths:1 | Reached skill level 23 in Hexes
 72569 | Depths:1 | Found a runed translucent door.
 72620 | Depths:1 | Found a runed translucent door.
 72668 | Depths:1 | Identified the +1 shortbow "Poutia" {freeze, rC+++}
 72787 | Depths:1 | Killed Bai Suzhen
 72828 | Depths:1 | You are sucked into a shaft and drop 1 floor!
 73156 | Depths:1 | Found a gateway to Hell.
 73215 | Depths:1 | Identified the +6 trident of a ziggurat {freeze, MP+9 SInv}
 73593 | Depths:2 | Reached skill level 15 in Translocations
 74192 | Depths:2 | Identified the +5 broad axe "Killer Bee's Doom" {freeze,
                  | rElec Str+2}
 74890 | Depths:2 | Reached skill level 1 in Shields
 74965 | Depths:2 | Found a one-way gate leading to the halls of Pandemonium.
 74983 | Depths:2 | Identified the +0 plate armour "Zuvoce" {rPois rC- rN+}
 75148 | Depths:3 | Noticed a golden dragon
 75188 | Depths:3 | Reached XP level 22. HP: 120/120 MP: 18/37
 75319 | Depths:3 | Reached skill level 5 in Shields
 75375 | Depths:3 | Learned a level 8 spell: Disjunction
 75456 | Depths:3 | Noticed a caustic shrike
 75518 | Depths:3 | Found a one-way gate to the infinite horrors of the Abyss.
 75793 | Depths:3 | Voluntarily entered the Abyss.
 75816 | Abyss:3  | Found a corrupted altar of Lugonu.
 75963 | Abyss:3  | Killed Louise
 76090 | Abyss:3  | Paralysed by accursed screaming for 1 turns
 76091 | Abyss:3  | Got an abyssal rune of Zot
 76097 | Depths:3 | Escaped the Abyss
 76363 | Depths:3 | Banished a golden dragon
 76487 | Depths:3 | Killed a caustic shrike
 77386 | Depths:4 | Entered Level 4 of the Depths
 77548 | Depths:4 | Noticed a golden dragon
 77550 | Depths:4 | Noticed a golden dragon
 77574 | Depths:4 | Killed a golden dragon
 77583 | Depths:4 | Killed a golden dragon
 78086 | Depths:4 | Found a gate to the Realm of Zot.
 78128 | Depths:4 | Found a glowing golden altar of the Shining One.
 78784 | Vaults:5 | Entered Level 5 of the Vaults
 78793 | Vaults:5 | Reached skill level 24 in Hexes
 78830 | Vaults:5 | Reached XP level 23. HP: 126/126 MP: 6/38
 78912 | Vaults:5 | Got a silver rune of Zot
 78934 | Vaults:5 | Identified the +4 hand crossbow "Qesief" {freeze, rElec
                  | rPois rF+}
 79011 | Vaults:5 | Reached skill level 25 in Hexes
 79104 | Vaults:5 | Found Uhoiny's Antique Armour Shop.
 79292 | Vaults:5 | Found Wiga's Jewellery Boutique.
 79457 | Vaults:5 | Noticed a dread lich
 79480 | Vaults:5 | Killed a dread lich
 79587 | Vaults:5 | Noticed an ancient lich
 79589 | Vaults:5 | Killed an ancient lich
 79590 | Vaults:5 | Reached skill level 26 in Hexes
 79593 | Vaults:5 | Identified the ring of Past Mistakes {Will+ Dex+6}
 79595 | Vaults:5 | Found the +5 glaive of the Guard {elec, spectral, AC+5}
 79667 | Vaults:5 | Identified the ring of Oxzyegh {rF+ Str+2}
 79958 | Vaults:5 | Noticed a dread lich
 80003 | Vaults:5 | Killed a dread lich
 80163 | Vaults:5 | Acquired 1176 gold pieces
 80546 | Zot:1    | Entered Level 1 of the Realm of Zot
 80564 | Zot:1    | Reached skill level 27 in Hexes
 80605 | Zot:2    | You are sucked into a shaft and drop 1 floor!
 80738 | Zot:3    | Reached skill level 15 in Fighting
 80842 | Zot:2    | Noticed an ancient lich
 80843 | Zot:2    | Killed an ancient lich
 81688 | Zot:1    | Noticed an orb of fire
 81715 | Zot:1    | Banished an orb of fire
 81716 | Zot:1    | Reached XP level 24. HP: 132/132 MP: 14/38
 82878 | Zot:2    | Got the Atlas of the Transmuted Burn
 84219 | Zot:4    | Identified the +2 leather armour "Xuxteg" {rPois Will+
                  | rCorr}
 84281 | Zot:4    | Identified the +7 flail of Blind Justice {flame, rElec rF+}
 84997 | Zot:5    | Entered Level 5 of the Realm of Zot
 85668 | Zot:5    | Noticed an ancient lich
 85672 | Zot:5    | Noticed an ancient lich
 85676 | Zot:5    | Corrupted Zot:5
 85684 | Zot:5    | Killed an ancient lich
 85692 | Zot:5    | Killed an ancient lich
 85933 | Zot:5    | Noticed a Killer Klown
 85939 | Zot:5    | Noticed a Killer Klown
 85962 | Zot:5    | Killed a Killer Klown
 86023 | Zot:5    | Noticed a Killer Klown
 86071 | Zot:5    | Noticed an orb of fire
 86160 | Zot:5    | Killed a Killer Klown
 86223 | Zot:5    | Noticed a Killer Klown
 86264 | Zot:5    | Killed a Killer Klown
 86478 | Zot:5    | Gained mutation: You are weak. (Str -2) [an orb of fire]
 86535 | Zot:4    | Lost mutation: You are weak. (Str -2) [potion of mutation]
 86653 | Zot:5    | Noticed an orb of fire
 86655 | Zot:5    | Noticed an orb of fire
 86656 | Zot:5    | Noticed a Killer Klown
 86659 | Zot:5    | Got the Orb of Zot
 86659 | Zot:5    | Noticed a dread lich
 86664 | Zot:5    | Noticed a Killer Klown
 87188 | D:$      | Escaped with the Orb!

Illustrated notes

Levels and vault maps discovered:
D:1:      dpeg_arrival_rooms_with_view, layout_basic,
          hellmonk_ecumenical_altar_inner_sanctum
D:2:      layout_basic, grunt_ministairs_7, minivault_26, hex_tiny, uniq_sigmund
D:3:      layout_rooms, uniq_natasha
D:4:      layout_loops_cross, mainiacjoe_overflow_chevrons,
          nicolae_sif_muna_little_library, minmay_temple_entry_gardened_gates,
          nicolae_figureground_sparkle
D:5:      layout_basic, fedhas_altar_1, portal_sewer_entry_f,
          chequers_serial_rivers_micro_b
D:6:      layout_loops_ring, serial_shops, shop
D:7:      layout_loops_corners, nicolae_ashenzari_skybound,
          mainiacjoe_overflow_concentric_impassable,
          nicolae_ossuary_entry_false_entrances, uniq_duvessa
D:8:      layout_basic
D:9:      layout_grid_maze, gammafunk_temple_overflow_forgotten,
          gammafunk_ghost_arena, kennysheep_nub
D:10:     layout_irregular_city, lair_entry_dummy, chequers_mini_garden,
          uniq_maurice
D:11:     layout_gridville, david_orc_2, guppyfry_shop_earth
D:12:     layout_roguey, serial_bayou_pond_d, minmay_quadrilaterals
D:13:     layout_irregular_city
D:14:     layout_small_grid, ximxim_vaults_locker_room,
          nicolae_vehumet_altar_sigil,
          ploomutoo_gammafunk_ghost_potion_laboratory, zin_academy
D:15:     grunt_enter_depths_hoard, layout_loops_corners,
          chequers_decorated_corner, uniq_louise, uniq_roxanne
Temple:   nicolae_temple_great_sept
Lair:1:   layout_long_grid, grunt_megastairs_2
Lair:2:   layout_loops_ring, minmay_swamp_entry_worms,
          nicolae_snake_entry_warm_welcome, uniq_harold
Lair:3:   layout_chaotic_city
Lair:4:   layout_loops_ring, nicolae_slime_entry_field_trip
Lair:5:   hangedman_lair_caniforms_friends, layout_small_grid, wormcave,
          chequers_serial_rivers_large_a, nicolae_quartered_pool_little,
          chequers_serial_rivers_micro_a, kilobyte_rumbling_trees
Swamp:1:  layout_falls_marsh, ebering_ghost_xom, nicolae_swamp_treefoil
Swamp:2:  layout_basic_swamp, serial_swamp_ruin, hangedman_swamp_ruin_wall,
          evilmike_swamp_ruin_house_5, evilmike_swamp_ruin_house_6, swamp_pool5
Swamp:3:  layout_basic_swamp, evilmike_swamp_ruin_rubble_1,
          nicolae_swamp_oklob_treasure_island, infiniplex_staircase_pool
Swamp:4:  swamp_old_school, layout_basic_swamp
Snake:1:  layout_layer_cave, serial_bayou_pond_b
Snake:2:  layout_gridlike, serial_shops, shop, lemuel_fruit_tree,
          grunt_megastairs_1, uniq_agnes
Snake:3:  nicolae_snakescales, layout_onion_interference, basic_altar,
          nicolae_snake_boneroom, minmay_shop_grove, uniq_aizul
Snake:4:  snake_pit, layout_onion_interference, special_room
Slime:1:  layout_caves
Slime:2:  layout_caves
Slime:3:  layout_caves
Slime:4:  layout_caves
Slime:5
Orc:1:    dreamdust_wu_jian_sword_trials, layout_caves, serial_shops, shop
Orc:2:    st_orc_ogre_mass, layout_caves, nicolae_orc_flooded_monolith
Elf:1:    nicolae_elf_arrival_aired_out, layout_onion_city, enter_trove_5,
          hangedman_corner_corridor, feat_on_display
Elf:2:    elven_hall_of_blades_hangedman_original [nicolae_blade_lattice],
          layout_loops_cross
Elf:3:    grunt_elf_hall_asides, layout_onion_city, minmay_crystal_room,
          grunt_megastairs_4
Vaults:1: nicolae_vaults_diagonal_hallway_9, vaults_dpeg_ring,
          nicolae_vaults_diagonal_hallway_8, vaults_dpeg_doors,
          nicolae_vaults_network_square, ontoclasm_vaults_decontamination,
          nicolae_vaults_know_your_exits, vaults_room_fancy_cross, v_rooms_5,
          nicolae_vaults_mini_display_case, hangedman_vaults_slice,
          vaults_mumra_hexcomb, vaults_room_stairs_pillars,
          vaults_room_semicircle, v_pattern_1, vaults_room_door_ring,
          layout_vaults_maze, serial_shops, nicolae_square_shop
Vaults:2: hangedman_vaults_restitches, nicolae_vaults_little_squares_3,
          vaults_dpeg_hooks, nicolae_vaults_little_squares_6,
          vaults_standard_mumra_x, vaults_mumra_lcd, v_misc_19,
          vaults_standard_mumra_lines, v_misc_3, nicolae_vaults_shelves_hall,
          nicolae_vaults_shelves_hall, layout_vaults_big_room,
          minmay_crypt_entry_necro_gods, uniq_saint_roka
Vaults:3: nicolae_vaults_big_angled_halls, nicolae_vaults_little_squares_4,
          v_misc_32, nicolae_vaults_circle_grid_b,
          nicolae_vaults_hallways_thing, nicolae_vaults_specimen_jars,
          vaults_room_hallway, v_misc_8, ontoclasm_vaults_idyll,
          ontoclasm_vaults_eye, layout_vaults_ring
Vaults:4: infiniplex_enter_wizlab_spiral, nicolae_vaults_little_squares_6,
          gammafunk_sealed_arena, nicolae_vaults_rhombus_7,
          ontoclasm_vaults_chip, ontoclasm_vaults_gateway,
          ontoclasm_vaults_loading_screen, grunt_vaults_twisty,
          vaults_room_fours, ontoclasm_vaults_misaligned, vaults_room_pools,
          layout_vaults_omnicross, serial_shops, shop
Vaults:5
Depths:1: cheibrodos_witchhunters_guild, layout_cave_shapes, enter_ziggurat_e,
          nicolae_water_bricks, lightli_too_deep, minmay_protected_statue,
          uniq_bai_suzhen
Depths:2: minmay_the_grid_triangle_9x9_rhombus_thin
          [minmay_the_grid_triangle_9x9_sparse_checkered,
          minmay_the_grid_triangle_9x9_prize_top_heavy,
          minmay_the_grid_triangle_9x9_semitri,
          minmay_the_grid_triangle_9x9_swiss_cheese], layout_gridlike,
          hangedman_coc_ice_floe, nicolae_wwwww, pan_entry
Depths:3: nooodl_heptagram, layout_basic, abyss_entry, pan_entry,
          grunt_hell_entry_dis_old, minmay_misc_feat_room
Depths:4: grunt_twist_and_shout, layout_honeycomb, hell_entry, serial_glass,
          glass_columns_b, glass_columns_b, glass_columns_c, glass_columns_c,
          glass_columns_a, glass_columns_a, glass_columns_b, glass_columns_a,
          minmay_misc_feat_enclosed, tso_oasis_becter
Zot:1:    layout_gridlike
Zot:2:    layout_misc_corridors, nzn_random_ring
Zot:3:    layout_gridville
Zot:4:    layout_onion_interference
Zot:5:    layout_onion

Skill      XL: |  1  2  3  4  5  6  7  8  9 10 11 12 13 14 15 16 17 18 19 20 21 22 23 24 |
---------------+-------------------------------------------------------------------------+-----
Dodging        | 3 4 5 6 7 9 11 12 14 15 16 17 18 19 21 22 23 | 23.9
Spellcasting   | 2 4 7 9 10 | 10.8
Stealth        | 4 5 7 9 11 13 14 16 17 18 19 20 | 20.5
Short Blades   | 2 3 4 6 7 9 10 | 10.0
Invocations    | 2 3 4 5 7 8 9 11 12 13 14 15 16 17 | 17.0
Hexes          | 6 7 12 15 18 20 21 22 23 24 27 | 27.0
Fighting       | 2 5 7 8 9 10 11 12 13 14 15 16 | 16.8
Ice Magic      | 3 |  3.7
Translocations | 3 10 13 14 15 17 18 21 | 21.1
Summonings     | 1 4 5 12 | 12.0
Evocations     | 5 10 | 10.0
Shields        | 4 5 |  5.3
Ranged Weapons | |  2.0

Action                     |  1- 3 |  4- 6 |  7- 9 | 10-12 | 13-15 | 16-18 | 19-21 | 22-24 || total
---------------------------+-------+-------+-------+-------+-------+-------+-------+-------++-------
  Melee: Dagger            |       |   262 |   529 |  1294 |  2947 |   880 |   469 |       ||  6381
         Punch             |       |     6 |    11 |    23 |    58 |    23 |    22 |       ||   143
         Staff             |       |       |       |       |     3 |       |       |       ||     3
         Quick blade       |       |       |       |       |       |       |   551 |   954 ||  1505
   Fire: Sling             |   141 |    91 |   194 |   220 |       |       |       |       ||   646
  Throw: Dart              |       |       |     2 |       |       |       |       |       ||     2
   Cast: Slow              |     1 |     9 |    40 |     4 |     1 |       |       |       ||    55
         Cause Fear        |       |       |       |       |     9 |       |       |       ||     9
         Ensorcelled Hiber |       |       |       |       |     3 |    70 |       |       ||    73
         Enfeeble          |       |       |       |       |       |   120 |   190 |   188 ||   498
         Discord           |       |       |       |       |       |    54 |    88 |    90 ||   232
         Blink             |       |       |       |       |       |     2 |     1 |       ||     3
         Summon Mana Viper |       |       |       |       |       |    27 |   104 |    43 ||   174
         Dispersal         |       |       |       |       |       |     6 |    26 |     3 ||    35
         Summon Cactus Gia |       |       |       |       |       |       |    28 |    29 ||    57
         Disjunction       |       |       |       |       |       |       |       |     3 ||     3
 Invoke: Banish            |       |       |       |     1 |     2 |     1 |       |       ||     4
         Corrupt           |       |       |       |       |       |       |     1 |     1 ||     2
         Brand Weapon With |       |       |       |       |       |       |     1 |       ||     1
         Depart the Abyss  |       |       |       |       |       |       |       |     1 ||     1
  Evoke: Wand              |       |       |     1 |     3 |    10 |    16 |    31 |    24 ||    85
         Phantom mirror    |       |       |       |       |       |       |     1 |       ||     1
    Use: Scroll            |     3 |       |    10 |    13 |     7 |     6 |    18 |    14 ||    71
         Potion            |     2 |       |     1 |     1 |       |    14 |     2 |    11 ||    31
   Stab: Distracted        |       |     3 |     5 |     1 |     8 |     9 |    14 |     9 ||    49
         Sleeping          |       |     8 |    24 |    21 |    52 |    96 |    67 |    31 ||   299
         Paralysed         |       |       |       |       |     2 |       |       |       ||     2
         Invisible         |       |       |       |       |       |    91 |    80 |   121 ||   292
 Armour: Robe              |     7 |    15 |    18 |     7 |    73 |     1 |     3 |     1 ||   125
         Troll leather arm |       |       |       |    84 |   102 |       |       |       ||   186
         Skin              |       |       |       |       |     1 |       |       |       ||     1
  Dodge: Dodged            |    39 |   172 |   278 |   922 |  2322 |   797 |   687 |   686 ||  5903
         Repelled          |       |       |     3 |       |     4 |    23 |    13 |    36 ||    79
  Block: Buckler           |       |       |       |       |       |       |     6 |   190 ||   196

Table legend: (Time is in decaauts)
 A = Elapsed time spent in this place.
 B = Non-inter-level travel time spent in this place.
 C = Inter-level travel time spent in this place.
 D = Time resting spent in this place.
 E = Time spent auto-exploring this place.
 F = Levels seen in this place.
 G = Mean time per level.
                   A        B        C        D        E       F      G
               +--------+--------+--------+--------+--------+-----+--------+
         Total |  63296 |  58483 |   4813 |  22641 |  14378 |  59 | 1072.8 |
       Dungeon |  15451 |  13867 |   1584 |   3684 |   4891 |  15 | 1030.1 |
        Temple |      1 |      1 |      0 |      0 |      0 |   1 |    1.0 |
          Lair |   8669 |   8055 |    614 |   2753 |   1802 |   5 | 1733.8 |
         Swamp |   1891 |   1802 |     89 |    387 |    806 |   4 |  472.8 |
     Snake Pit |   8040 |   7208 |    832 |   3901 |   1005 |   4 | 2010.0 |
    Slime Pits |    524 |    490 |     34 |     77 |     38 |   5 |  104.8 |
  Orcish Mines |   3231 |   2926 |    305 |   1593 |    493 |   2 | 1615.5 |
   Elven Halls |   8212 |   7907 |    305 |   4613 |   1312 |   3 | 2737.3 |
        Vaults |   6783 |   6351 |    432 |   2684 |   1429 |   5 | 1356.6 |
        Depths |   4381 |   4066 |    315 |   1233 |   1280 |   4 | 1095.2 |
           Zot |   4299 |   4001 |    298 |   1188 |   1079 |   5 |  859.8 |
         Abyss |    194 |    194 |      0 |     22 |      0 |   3 |   64.7 |
         Sewer |    156 |    156 |      0 |     38 |     56 |   1 |  156.0 |
       Ossuary |    349 |    349 |      0 |      0 |     54 |   1 |  349.0 |
        Wizlab |   1110 |   1110 |      0 |    464 |    128 |   1 | 1110.0 |
               +--------+--------+--------+--------+--------+-----+--------+

Top non-repeatable levels by time:
   Elf:3: 3146 daAuts
 Snake:3: 3005 daAuts
   Elf:2: 2908 daAuts
  Lair:5: 2419 daAuts
  Lair:4: 2406 daAuts
   Elf:1: 2157 daAuts
Vaults:1: 2131 daAuts
Vaults:2: 1985 daAuts
   Orc:1: 1897 daAuts
    D:11: 1879 daAuts
 Snake:4: 1750 daAuts
 Snake:2: 1697 daAuts
  Lair:2: 1629 daAuts
 Snake:1: 1587 daAuts
    D:14: 1534 daAuts
